 Dungeon Crawl Stone Soup version 0.30.0-17-ge0270778cf (webtiles) character file.

Game seed: 11799985646929977153

1238 GloriousHammer the Fighter (level 8, -6/92 HPs)
             Began as an Ogre Gladiator on May 22, 2023.
             Was an Initiate of Gozag.
             Mangled by a wyvern (9 damage)
             ... on level 6 of the Dungeon on May 23, 2023.
             The game lasted 00:20:37 (8149 turns).

GloriousHammer the Fighter (Ogre Gladiator)         Turns: 8149, Time: 00:20:38

Health: -6/92      AC:  4    Str: 19    XL:     8   Next: 49%
Magic:  8/8        EV: 10    Int: 11    God:    Gozag
Gold:   347        SH:  0    Dex: 10    Spells: 7/7 levels left

rFire   . . .        i - +2 giant spiked club (spect)
rCold   + . .        (shield currently unavailable)
rNeg    . . .        g - +0 animal skin
rPois   .            y - +0 hat
rElec   .            D - +0 cloak
rCorr   .            (gloves unavailable)
SInv    .            (boots unavailable)
Will    +....        (no amulet)
Stlth   +            C - ring of protection from cold
HPRegen 0.35/turn    W - ring of willpower
MPRegen 0.11/turn

%: no passive effects
@: no status effects
A: large, unfitting armour, tough skin 1
a: Renounce Religion, Potion Petition, Call Merchant, Bribe Branch


You were on level 6 of the Dungeon.
You worshipped Gozag.
Gozag was aware of your devotion.
You visited 2 branches of the dungeon, and saw 7 of its levels.
You also visited: Sewer.

You collected 435 gold pieces.
You paid 88 gold pieces to Gozag.

Inventory:

Hand Weapons
 a - a +0 flail
 i - a +2 spectral giant spiked club (weapon)
 r - a +0 arbalest
Missiles
 d - 2 throwing nets
 m - 36 stones
 n - 10 boomerangs (quivered)
Armour
 g - a +0 animal skin (worn)
 y - a +0 hat (worn)
 D - a +0 cloak (worn)
Jewellery
 c - a ring of protection from cold
 C - a ring of protection from cold (left hand)
 W - a ring of willpower (right hand)
Wands
 x - a wand of quicksilver (9)
Scrolls
 f - 4 scrolls of teleportation
 o - a scroll of summoning
 p - 2 scrolls of fog
 q - 2 scrolls of amnesia
 s - 4 scrolls of fear
 t - a scroll of poison
 v - a scroll of silence
Potions
 b - a potion of haste
 h - a potion of heal wounds
 j - a potion of magic {unknown}
 k - 3 potions of degeneration
 l - 2 potions of brilliance {unknown}
 u - 3 potions of attraction {unknown}
 w - 4 potions of flight
 z - 2 potions of curing
 A - a potion of might {unknown}
 B - a potion of berserk rage {unknown}


   Skills:
 + Level 9.1 Fighting
 + Level 6.7 Maces & Flails
 - Level 3.6 Throwing
 - Level 2.6 Dodging


You had 7 spell levels left.
You didn't know any spells.
Your spell library contained the following spells:

 Spells                   Type           Power      Damage    Failure   Level
 Freeze                   Ice            0%         1d3       34%         1
 Dazzling Flash           Conj/Hex       0%         N/A       71%         3
 Frozen Ramparts          Ice            0%         1d1       71%         3
 Hailstorm                Conj/Ice       0%         3d3       71%         3
 Volatile Blastmotes      Fire/Tloc      0%         2d10      71%         3
 Iskenderun's Mystic Bla  Conj/Tloc      0%         2d3       98%         4
 Starburst                Conj/Fire      0%         6d3       100%        6


Dungeon Overview and Level Annotations

Branches:
Dungeon (6/15)             Temple (1/1) D:5           Sewer (visited)

Altars:
Ashenzari
Cheibriados
Dithmenos
Gozag
Kikubaaqudgha
Makhleb
Qazlal
Ru
Sif Muna
Uskayaw
Vehumet
Wu Jian
Xom
Zin
The Shining One

Shops:
D:3 =

Annotations:
D:5 1 runed translucent door, NateTC's ghost, amateur FoFi


Innate Abilities, Weirdness & Mutations

You are too large for most types of armour.
You have tough skin. (AC +1)


Message History

You throw a boomerang. The boomerang hits the ogre.
The ogre is heavily wounded.
The ogre barely misses you.
You impale the ogre!!
You kill the ogre!
You now have 284 gold pieces (gained 15).
You see here a +0 giant club.
You see here a +0 giant club.
There is a stone staircase leading down here.
Things that are here:
a +0 dagger; a +0 robe Key pressed, stopping explore.
Things that are here:
a +0 falchion; a +0 ring mail The adder hisses angrily.
The adder hisses angrily.
Search for what [Enter for "."]? .
Okay, then.
(D) Dungeon (T) Temple
Where to? (Enter - D:5, ? - help)
Things that are here:
a +0 falchion; a +0 ring mail
Things that are here:
a +0 dagger; a +0 robe
There is a stone staircase leading down here.
You climb downwards.
Found 2 stones, 17 gold pieces, a robe and a scroll of identify.
There is a stone staircase leading up here.
An iguana is nearby!
The helpless iguana fails to defend itself.
You bludgeon the iguana!!
You kill the iguana!
You now have 290 gold pieces (gained 6).
m - 28 stones (gained 2)
Found a stone staircase leading up.
Found a long sword.
I - a scroll of identify
As you read the scroll of identify, it crumbles to dust.
o - a scroll of summoning You now have 307 gold pieces (gained 17).
An orc comes into view. It is wielding a +0 morningstar.
The orc shouts!
You hear a shout! x2
An orc wizard comes into view. It is wielding a +0 dagger.
You hear a shout!
Throw: 11 boomerangs
Press: ? - help, Q - select action, (/) - cycle Shift-Dir - straight line, f - orc
Aim: an orc, wielding a +0 morningstar and wearing a +0 ring mail (65% to hit)
You throw a boomerang. The boomerang barely misses the orc.
Throw: 10 boomerangs
Press: ? - help, Q - select action, (/) - cycle Shift-Dir - straight line, f/p - orc
Aim: an orc, wielding a +0 morningstar and wearing a +0 ring mail (65% to hit)
You throw a boomerang. The boomerang closely misses the orc.
The boomerang closely misses the orc wizard.
Throw: 10 boomerangs
Press: ? - help, Q - select action, (/) - cycle Shift-Dir - straight line, f/p - orc
Aim: an orc, wielding a +0 morningstar and wearing a +0 ring mail (65% to hit)
You throw a boomerang. The boomerang hits the orc.
The orc is severely wounded.
Throw: 10 boomerangs
Press: ? - help, Q - select action, (/) - cycle Shift-Dir - straight line, f/p - orc
Aim: an orc, wielding a +0 morningstar and wearing a +0 ring mail (severely wounded, 65% to hit)
You throw a boomerang.
The boomerang hits the orc but does no damage.
The orc is severely wounded.
The orc wizard gestures wildly while chanting.
The orc wizard flickers and vanishes!
Deactivating autopickup; reactivate with Ctrl-A.
Throw: 10 boomerangs
Press: ? - help, Q - select action, (/) - cycle Shift-Dir - straight line, f/p - orc
Aim: an orc, wielding a +0 morningstar and wearing a +0 ring mail (severely wounded, 65% to hit)
You throw a boomerang. The boomerang barely misses the orc.
The orc hits you with a +0 morningstar.
An orc comes into view. It is wielding a +0 falchion.
You impale the orc!!
You kill the orc!
You miss something.
Your +2 spectral giant spiked club closely misses something.
Something hits you. Something hits you but does no damage.
You barely miss something.
Your +2 spectral giant spiked club closely misses something.
Something hits you.
You closely miss something.
Your +2 spectral giant spiked club hits something.
Something hits you but does no damage. The orc hits you with a +0 falchion.
The orc hits you but does no damage. Something hits you but does no damage.
You impale the orc!!
You kill the orc!
Your +2 spectral giant spiked club disappears.
You hear some strange, mumbled words.
A puff of flame appears from out of thin air!
The puff of flame hits you.
You miss something.
Your +2 spectral giant spiked club hits something!!
Reactivating autopickup.
You feel a bit more experienced.
Your +2 spectral giant spiked club disappears.
You now have 320 gold pieces (gained 13).
Items here: )) [[.
You now have 326 gold pieces (gained 6).
Things that are here:
a +0 falchion; a +0 ring mail HP restored.
An orc comes into view. It is wielding a +0 trident.
The orc shouts!
You hear a shout!
A scorpion comes into view.
The orc throws a stone.
The stone barely misses you.
A hound comes into view.
The orc barely misses you. The orc hits you with a +0 trident.
You closely miss the orc. The orc hits you with a +0 trident.
You sock the orc!
The orc is almost dead.
The orc hits you with a +0 trident.
The hound stops to sniff the ground.
The orc hits you with a +0 trident.
You sock the orc!
You kill the orc!
You hit the scorpion.
The scorpion is lightly wounded.
The scorpion stings you.
You are poisoned.
The scorpion poisons you! The scorpion barely misses you.
You bludgeon the scorpion!!
You kill the scorpion!
You feel very sick. The hound bites you but does no damage.
Your Fighting skill increases to level 9!
You closely miss the hound.
You feel sick. The hound bites you. x3
You barely miss the hound.
You feel sick. The hound bites you. x2
You hit the hound.
The hound is moderately wounded.
You feel sick. The hound bites you. The hound bites you but does no damage.
You completely miss the hound.
The hound is moderately wounded.
You feel sick.
You are no longer poisoned.
The hound bites you. The hound closely misses you.
You barely miss the hound.
The hound is moderately wounded.
The hound is distracted by your dazzling golden aura.
You closely miss the hound.
The hound is no longer distracted by gold.
The hound barks!
The hound is moderately wounded.
The hound bites you. The hound closely misses you. The hound bites you.
You flatten the hound like a pancake!!!
You kill the hound!
You now have 347 gold pieces (gained 21).
m - 36 stones (gained 8)
You see here a +0 trident.
A wyvern comes into view.
The wyvern hisses angrily.
Throw: large rock
Press: ? - help, Q - select action, (/) - cycle Shift-Dir - straight line, f - wyvern
Aim: a wyvern (62% to hit)
You throw a large rock.
The large rock closely misses the wyvern.
Throw: 10 boomerangs
Press: ? - help, Q - select action, (/) - cycle Shift-Dir - straight line, f/p - wyvern
Aim: a wyvern (62% to hit)
You throw a boomerang. The boomerang barely misses the wyvern.
Throw: 10 boomerangs
Press: ? - help, Q - select action, (/) - cycle Shift-Dir - straight line, f/p - wyvern
Aim: a wyvern (62% to hit)
You throw a boomerang.
The boomerang completely misses the wyvern.
The wyvern bites you.
You barely miss the wyvern. The wyvern bites you! x2
You puncture the wyvern!
The wyvern is heavily wounded.
The wyvern bites you! The wyvern bites you. The wyvern closely misses you.
Unknown command.
You closely miss the wyvern.
The wyvern is heavily wounded.
The wyvern closely misses you. The wyvern bites you.
* * * LOW HITPOINT WARNING * * *
You closely miss the wyvern.
The wyvern is heavily wounded.
The wyvern bites you.
* * * LOW HITPOINT WARNING * * *
The wyvern bites you but does no damage.
Unknown command.
You barely miss the wyvern.
The wyvern is heavily wounded.
The wyvern bites you but does no damage.
The wyvern bites you!
* * * LOW HITPOINT WARNING * * *
You feel much better. The wyvern bites you.
* * * LOW HITPOINT WARNING * * *
The wyvern bites you!
* * * LOW HITPOINT WARNING * * *
You hit the wyvern.
The wyvern is severely wounded.
The wyvern bites you!
* * * LOW HITPOINT WARNING * * *
The wyvern bites you!
You die...
Your body crumbles into a pile of gold.

##.... .. .. ...... $ ... #.
#.###########.... ...# #.
#...........#.... ....##.
#######....)..... . .....
#....)#.... ... ...
#######.)..#....
.....#.######..........##..[
....(..)..l@..#####.........
.....########## #....#....
... #....#.... . ######....
#.... #...< #.... #####


You could see a wyvern.

Vanquished Creatures
  Prince Ribbit (D:5)
  2 ogres (D:5)
  A phantom (D:5)
  A scorpion (D:6)
  A wight (D:4)
  A howler monkey (D:5)
  4 hounds
  A jelly (D:4)
  5 orc wizards
  3 iguanas
  Robin (D:2)
  5 river rats (Sewer)
  8 adders
  2 white imps
  2 worms (Sewer)
  2 dart slugs
  15 orcs
  16 ball pythons
  13 bats
  5 endoplasms
  15 giant cockroaches
  16 goblins
  8 hobgoblins
  A jackal (Sewer)
  6 kobolds
  7 quokkas
  4 frilled lizards
  5 rats
151 creatures vanquished.

Notes
Turn   | Place    | Note
-------+----------+-------------------------------------------
     0 | D:1      | GloriousHammer the Ogre Gladiator began the quest for the
                  | Orb.
     0 | D:1      | Reached XP level 1. HP: 22/22 MP: 1/1
   146 | D:1      | Reached skill level 3 in Fighting
   146 | D:1      | Reached XP level 2. HP: 27/31 MP: 2/2
   689 | D:1      | Reached XP level 3. HP: 35/37 MP: 3/3
   943 | D:2      | Noticed Robin
  1195 | D:1      | HP: 1/37 [hobgoblin/+0 dagger[Robin] (1)]
  1919 | D:2      | Killed Robin
  2048 | D:2      | Reached XP level 4. HP: 48/48 MP: 4/4
  2325 | D:2      | Reached skill level 4 in Fighting
  2588 | D:3      | Found a hide-covered altar of Uskayaw.
  2886 | D:3      | Found Felecey's Jewellery Emporium.
  3105 | D:3      | Found a glowing drain.
  3119 | Sewer    | Entered a sewer
  3269 | Sewer    | Reached XP level 5. HP: 39/55 MP: 5/5
  4066 | Sewer    | Reached skill level 5 in Fighting
  4433 | Sewer    | Reached XP level 6. HP: 66/66 MP: 6/6
  4686 | D:3      | Identified a scroll of acquirement
  4691 | D:3      | Acquired a +2 spectral giant spiked club
  5232 | D:4      | Identified the +10 trident of Turu Qitsy {freeze, rElec rF-
                  | Str+6}
  5287 | D:4      | Found a shadowy altar of Dithmenos.
  6262 | D:4      | Reached skill level 6 in Fighting
  6447 | D:5      | Entered Level 5 of the Dungeon
  6508 | D:5      | Reached XP level 7. HP: 76/76 MP: 7/7
  6530 | D:5      | Reached skill level 5 in Maces & Flails
  6795 | D:5      | Found a staircase to the Ecumenical Temple.
  6801 | D:5      | Reached skill level 7 in Fighting
  6807 | Temple   | Entered the Ecumenical Temple
  6902 | Temple   | Became a worshipper of Gozag Ym Sagoz the Greedy
  7425 | D:5      | Found a runed translucent door.
  7427 | D:5      | Noticed NateTC's ghost (amateur FoFi)
  7533 | D:5      | Noticed Prince Ribbit
  7549 | D:5      | Killed Prince Ribbit
  7550 | D:5      | Reached skill level 8 in Fighting
  7550 | D:5      | Reached XP level 8. HP: 24/89 MP: 8/8
  8058 | D:6      | Reached skill level 9 in Fighting
  8138 | D:6      | Noticed a wyvern
  8149 | D:6      | HP: 3/92 [wyvern (13)]
  8149 | D:6      | Mangled by a wyvern

Illustrated notes

Levels and vault maps discovered:
D:1:      nicolae_arrival_washed_ashore, layout_loops_cross
D:2:      layout_basic, uniq_robin
D:3:      layout_loops_cross, mainiacjoe_overflow_24_doors,
          gup_sewer_entry_pipe, serial_shops, shop,
          chequers_serial_rivers_micro_a, corner_web_ring
D:4:      layout_cave_pods, grunt_dithmenos_smoke, minmay_circle_x
D:5:      layout_layer_cave, minmay_temple_entry_mist, ebering_ghost_sewer_d,
          uniq_prince_ribbit1
D:6:      layout_rooms, lemuel_crystal_altar, nicolae_elyvilon_temple_path
Temple:   compressed_dpeg_triangle_lava_temple

Skill      XL: |  1  2  3  4  5  6  7  8 |
---------------+-------------------------+-----
Fighting       | 3 4 5 6 8 9 |  9.1
Maces & Flails | 3 4 6 |  6.7
Throwing       | 3 |  3.6
Dodging        | |  2.6

Action                     |  1- 3 |  4- 6 |  7- 9 || total
---------------------------+-------+-------+-------++-------
  Melee: Flail             |   123 |   254 |    17 ||   394
         Giant spiked club |       |       |    54 ||    54
  Throw: Throwing net      |     1 |     3 |       ||     4
         Large rock        |     1 |     1 |     1 ||     3
         Boomerang         |       |    23 |    19 ||    42
         Stone             |       |     3 |       ||     3
    Use: Potion            |     1 |       |     1 ||     2
         Scroll            |       |    12 |     1 ||    13
   Stab: Sleeping          |     1 |       |     1 ||     2
         Held in net/web   |       |     1 |       ||     1
 Armour: Robe              |    54 |       |       ||    54
         Animal skin       |     1 |   143 |    15 ||   159
  Dodge: Dodged            |    94 |   209 |    30 ||   333
